 Dungeon Crawl Stone Soup version 0.31.0-12-g77e489cdc1 (webtiles) character file.

Game seed: 10053212196451806795

440 Killerpretzel the Changeling (level 7, -5/46 HPs)
             Began as an Octopode Shapeshifter on Mar 1, 2024.
             Slain by a gnoll
             ... wielding a +0 spear
              (7 damage)
             ... on level 4 of the Dungeon.
             The game lasted 00:04:26 (3137 turns).

Killerpretzel the Changeling (OpSh)                 Turns: 3137, Time: 00:04:26

Health: -5/46      AC:  1    Str: 19    XL:     7   Next: 2%
Magic:  7/7        EV: 14    Int: 13    God:
Gold:   118        SH:  0    Dex: 13    Spells: 6/6 levels left

rFire   . .          .
                       - Unarmed
rCold   + . .        (no shield)
rNeg    . . .        (helmet currently unavailable)
rPois   .            (no amulet)
rElec   .            d - +6 ring of strength
rCorr   .            e - ring of protection from cold
SInv    .            (no ring)
Will    .....        (no ring)
Stlth   ++           (no ring)
HPRegen 0.27/turn    (no ring)
MPRegen 0.10/turn    (no ring)
                     (no ring)

%: no passive effects
@: beast-form
A: beast (slay +2), almost no armour, amphibious, 8 rings, camouflage 1,
gelatinous body 1, (nimble swimmer 1), tentacles
a: Begin Untransformation


You were on level 4 of the Dungeon.
You were a hulking beast.
You visited 1 branch of the dungeon, and saw 4 of its levels.

You collected 118 gold pieces.

Inventory:

Jewellery
 d - a +6 ring of strength (left tentacle)
 e - a ring of protection from cold (right tentacle)
Talismans
 b - a beast talisman
 c - a flux talisman
Wands
 j - a wand of digging (8)
Potions
 f - a potion of enlightenment
 g - 6 potions of curing
 h - a potion of heal wounds
 i - a potion of brilliance
 l - a potion of ambrosia {unknown}


   Skills:
 + Level 3.1 Fighting
 + Level 3.6 Dodging
 + Level 4.3 Unarmed Combat
 * Level 5.0 Shapeshifting


You had 6 spell levels left.
You didn't know any spells.
Your spell library was empty.

Dungeon Overview and Level Annotations

Branches:
Dungeon (4/15)
 Temple: D:4-7

Altars:
Ru


Innate Abilities, Weirdness & Mutations

You are a hulking beast.
Your limbs bulge with bestial killing power. (Slay +2)
You cannot wear most types of armour.
You are amphibious.
You can wear up to eight rings at the same time.
Your skin changes colour to match your surroundings (Stealth+).
Your rubbery body absorbs attacks. (AC +1, EV +1)
((You are camouflaged when in or above water. (Stealth+)))
You have tentacles for arms and can constrict up to eight enemies at once.


Message History

There is an open door here. 3 gnolls come into view.
The gnoll hits you from afar with a +0 spear.
The gnoll hits you from afar with a +0 halberd!
The gnoll hits you with a +0 spear.
The gnoll shouts!
You bludgeon the gnoll! You grab the gnoll.
The gnoll is heavily wounded.
You constrict the gnoll.
You hear a shout!
The gnoll hits you with a +0 spear! The gnoll misses you.
A gnoll comes into view. It is wielding a +0 flail.
You tentacle-slap the gnoll.
You kill the gnoll!
The gnoll misses you.
Your Shapeshifting skill increases to level 5!
The gnoll attacks as it pursues you! The gnoll closely misses you.
The gnoll misses you.
You closely miss the gnoll. You grab the gnoll. You squeeze the gnoll.
The gnoll is moderately wounded.
You constrict the gnoll.
You tentacle-slap the gnoll but do no damage.
The gnoll is heavily wounded.
You constrict the gnoll. The gnoll barely misses you.
You tentacle-slap the gnoll but do no damage.
You tentacle-slap the gnoll. You squeeze the gnoll.
You kill the gnoll!
You have reached level 7!
The gnoll attacks as it pursues you! The gnoll hits you with a +0 flail!
* * * LOW HITPOINT WARNING * * *
You tentacle-slap the gnoll. You grab the gnoll.
The gnoll is lightly wounded.
You constrict the gnoll.
The gnoll hits you from afar with a +0 spear.
* * * LOW HITPOINT WARNING * * *
The gnoll misses you.
You bludgeon the gnoll!
You kill the gnoll!
The gnoll hits you from afar with a +0 spear!
You die...

#._.#.'##'.#
#...#.#..#.#
+...+.#..#.#
+###+###'..+.#
#.......#..###
#.......#..#
#+###'###+###
#.###.....#
#.g)h..####
#)###### #. gg
..# ... ####


You could see a gnoll.

Vanquished Creatures
  Sigmund (D:3)
  Pargi (D:3)
  7 gnolls
  7 adders
  3 dart slugs
  3 orcs
  5 ball pythons
  8 endoplasms
  2 giant cockroaches (D:3)
  5 goblins
  6 hobgoblins
  2 quokkas
  3 bats
  A frilled lizard (D:2)
  5 kobolds
  4 rats
63 creatures vanquished.

Notes
Turn   | Place    | Note
-------+----------+-------------------------------------------
     0 | D:1      | Killerpretzel the Octopode Shapeshifter began the quest for
                  | the Orb.
     0 | D:1      | Reached XP level 1. HP: 13/13 MP: 1/1
   132 | D:1      | Reached XP level 2. HP: 18/18 MP: 2/2
   302 | D:1      | Found a faded altar of an unknown god.
   665 | D:2      | Reached XP level 3. HP: 23/23 MP: 3/3
  1896 | D:3      | Noticed Pargi
  1904 | D:3      | Killed Pargi
  1905 | D:3      | Reached skill level 4 in Shapeshifting
  1905 | D:3      | Reached XP level 4. HP: 29/29 MP: 4/4
  1905 | D:3      | Reached XP level 5. HP: 34/34 MP: 5/5
  2096 | D:3      | Noticed Sigmund
  2107 | D:3      | Killed Sigmund
  2108 | D:3      | Reached XP level 6. HP: 29/41 MP: 6/6
  3023 | D:4      | Found a sacrificial altar of Ru.
  3129 | D:4      | Reached skill level 5 in Shapeshifting
  3135 | D:4      | Reached XP level 7. HP: 16/46 MP: 7/7
  3136 | D:4      | HP: 2/46 [gnoll/+0 spear (2)]
  3137 | D:4      | Slain by a gnoll

Illustrated notes

Levels and vault maps discovered:
D:1:      orjb1_lava_funnel, layout_loops_ring, ebering_ecumenical_altar_mist,
          st_stairs_4
D:2:      layout_basic, serial_forest, infiniplex_forest_clump_curved,
          infiniplex_forest_end_3, infiniplex_forest_clump_large,
          infiniplex_forest_straight_2, infiniplex_forest_end_2,
          infiniplex_forest_end_double
D:3:      layout_loops_ring, uniq_crazy_yiuf_cottage, uniq_sigmund, uniq_pargi
D:4:      gammafunk_wand_slinger, layout_loops_corners,
          mainiacjoe_overflow_24_doors, nicolae_qazlal_style_of_elements,
          nicolae_overflow_crystal_walls, tgw_sif, minmay_misc_feat_iff,
          nicolae_inconvenience_store, skrybe_limestone_x

Skill      XL: |  1  2  3  4  5  6 |
---------------+-------------------+-----
Fighting       | 2 3 |  3.1
Shapeshifting  | 4 5 |  5.0
Dodging        | 3 |  3.6
Unarmed Combat | 4 |  4.3

Action                     |  1- 3 |  4- 6 |  7- 9 || total
---------------------------+-------+-------+-------++-------
  Melee: Unarmed           |    58 |    59 |     2 ||   119
         Constrict         |    12 |    14 |     1 ||    27
         Tentacles         |     5 |    15 |       ||    20
         Punch             |     1 |     2 |       ||     3
    Use: Scroll            |     8 |     2 |       ||    10
         Potion            |     2 |     1 |       ||     3
   Stab: Sleeping          |     3 |       |       ||     3
 Armour: Skin              |    37 |    36 |     3 ||    76
  Dodge: Dodged            |    32 |    35 |     1 ||    68
